 Dungeon Crawl Stone Soup version 0.29-a0-824-gd827844252 (webtiles) character file.

Game seed: 9731334578214117682

121 Spectrina the Covert (level 4, -1/27 HPs)
             Began as a Vampire Delver on July 9, 2022.
             Was a Believer of Ignis.
             Slain by jlumianski's ghost (6 damage)
             ... on level 5 of the Dungeon.
             The game lasted 00:08:09 (836 turns).

Spectrina the Covert (Vampire Delver)                Turns: 836, Time: 00:08:10

Health: -1/27      AC: 19    Str: 11    XL:     4   Next: 77%
Magic:  4/4        EV: 13    Int: 12    God:    Ignis [**....]
Gold:   145        SH:  0    Dex: 14    Spells: 3/3 levels left

rFire   + + +      SeeInvis +   i - +2 short sword (venom)
rCold   + + +      Faith    .   (no shield)
rNeg    + + +      Spirit   .   j - +4 scale mail {rF+}
rPois   ∞          Reflect  .   h - +1 hat
rElec   +          Harm     .   n - +0 cloak
rCorr   .          Rampage  .   (no gloves)
Will    .....                   (no boots)
Stlth   +++++.....              (no amulet)
HPRegen 0.00/turn               m - ring of Ascent {rElec rF+++ rC+ EV+4 Dex-3}
MPRegen 0.09/turn               (no ring)

@: fiery-armoured, bloodless, inhibited regen, hasted, very quick
A: bloodless, fangs 3, see invisible, vampiric 2
a: Bat Form, Revivify, Renounce Religion, Fiery Armour, Foxfire Swarm, Rising
Flame


You were on level 5 of the Dungeon.
You worshipped Ignis.
Ignis was pleased with you.
You visited 1 branch of the dungeon, and saw 5 of its levels.

You collected 145 gold pieces.

Inventory:

Hand Weapons
 a - a +0 short sword
 i - a +2 short sword of venom (weapon)
 o - a +0 dagger
Missiles
 q - 9 poisoned darts (quivered)
Armour
 b - a +0 leather armour
 h - a +1 hat (worn)
 j - a +4 scale mail of fire resistance (worn)
 n - a +0 cloak (worn)
 t - a +0 plate armour
Jewellery
 m - the ring of Ascent (left hand) {rElec rF+++ rC+ EV+4 Dex-3}
   (You found it on level 3 of the Dungeon)

   [ring of evasion]

   EV:        It affects your evasion (+4).
   Dex:       It affects your dexterity (-3).
   rF:        It renders you almost immune to fire.
   rC:        It protects you from cold.
   rElec:     It insulates you from electricity.
Wands
 g - a wand of digging (3)
 u - a wand of flame (6)
Scrolls
 c - 2 scrolls of fog
 d - a scroll of magic mapping
 e - 2 scrolls of fear
 p - a scroll of identify {unknown}
 s - a scroll of torment {unknown}
Potions
 k - a potion of lignification {unknown}
 l - a potion of magic {unknown}
 r - a potion of heal wounds {unknown}
 v - a potion of flight {unknown}


   Skills:
 - Level 2.6 Fighting
 + Level 4.2 Short Blades
 - Level 2.1 Dodging
 + Level 9.0 Stealth


You had 3 spell levels left.
You didn't know any spells.
Your spell library contained the following spells:

 Spells                   Type           Power      Damage    Failure   Level
 Summon Forest            Summ/Tloc      0%         N/A       100%        5
 Summon Mana Viper        Hex/Summ       0%         N/A       100%        5
 Summon Cactus Giant      Summ           0%         N/A       100%        6


Dungeon Overview and Level Annotations

Branches:
Dungeon (5/15)
 Temple: D:4-7

Altars:
Wu Jian
Ignis

Shops:
D:3 [

Annotations:
D:5 1 transporter, jlumianski's ghost, novice DsFi


Innate Abilities, Weirdness & Mutations

You do not regenerate when monsters are visible.
You are frail without blood (-20% HP).
You can heal yourself when you bite living creatures.
You are immune to poison.
You have razor-sharp teeth.
You have supernaturally acute eyesight. (SInv)
You are afflicted with vampirism and can become a bat while bloodless.


Message History

Jlumianski's ghost is severely damaged.
The foxfire hits jlumianski's ghost but does no damage.
Jlumianski's ghost is severely damaged.
The foxfire hits jlumianski's ghost but does no damage.
Jlumianski's ghost is severely damaged.
The foxfire hits jlumianski's ghost but does no damage.
Jlumianski's ghost is severely damaged.
The foxfire hits jlumianski's ghost.
Jlumianski's ghost is severely damaged.
The foxfire hits jlumianski's ghost but does no damage.
Jlumianski's ghost is severely damaged.
Activating: Foxfire Swarm
Press: ? - help, Dir - look around, f - activate Flames leap up around you!
Jlumianski's ghost barely misses you.
Unknown command.
Unknown command.
You hit jlumianski's ghost.
Jlumianski's ghost is severely damaged.
The foxfire hits jlumianski's ghost but does no damage.
Jlumianski's ghost is severely damaged.
The foxfire hits jlumianski's ghost but does no damage.
Jlumianski's ghost is severely damaged.
The foxfire hits jlumianski's ghost but does no damage.
Jlumianski's ghost is severely damaged.
The foxfire hits the ogre.
The ogre is heavily wounded.
The foxfire hits jlumianski's ghost but does no damage.
Jlumianski's ghost is severely damaged.
The foxfire hits jlumianski's ghost but does no damage.
Jlumianski's ghost is severely damaged.
The foxfire hits jlumianski's ghost.
Jlumianski's ghost is almost destroyed.
The ogre closely misses you.
Unknown command.
Activating: Foxfire Swarm
Press: ? - help, Dir - look around, f - activate Flames leap up around you!
The foxfire hits jlumianski's ghost.
Jlumianski's ghost is almost destroyed.
Jlumianski's ghost hits you.
You die...

#....# ###.............# ##.#.#
#.....©.©.....#
#.#.###################
#.#....###.....$$....## #......#
#..##...##..# #......#
#.#..#.#..#.# ##......#
#.#.v#v#v.#.#
.....######..##.Wv##..#
##.#......#...vO@vv..©##########
#.#......#############........#
#.#>....................#####.#
..#...........................#
...#.....................#######
.#.#........................#
....................#.......#
.##############.###.#.#.###.#
...# #...#... ...


You could see an ogre (ally target) and jlumianski's ghost (ally target).

Vanquished Creatures
  Terence (D:3)
  7 adders
  A worm (D:3)
  A dart slug (D:3)
  2 orcs (D:3)
  An endoplasm (D:3)
  3 giant cockroaches
  3 goblins (D:3)
  3 hobgoblins
  A quokka (D:3)
  3 ball pythons
  A bat (D:3)
  3 kobolds
30 creatures vanquished.

Vanquished Creatures (others)
  33 foxfires (D:5)
33 creatures vanquished.

Grand Total: 63 creatures vanquished

Notes
Turn   | Place    | Note
-------+----------+-------------------------------------------
     0 | D:5      | Spectrina the Vampire Delver began the quest for the Orb.
     0 | D:5      | Reached XP level 1. HP: 17/17 MP: 1/1
    63 | D:5      | Reached XP level 2. HP: 18/18 MP: 2/2
    71 | D:5      | Noticed jlumianski's ghost (novice DsFi)
    71 | D:5      | Noticed an ogre
    72 | D:5      | Found a transporter.
    82 | D:5      | Found a transporter.
   121 | D:4      | Found an ornate altar of the Wu Jian Council.
   174 | D:3      | Noticed Terence
   174 | D:3      | Found Motammio's Armour Shoppe.
   175 | D:3      | Killed Terence
   176 | D:3      | Reached skill level 8 in Stealth
   176 | D:3      | Gained mutation: You are afflicted with vampirism and can
                  | become a bat while bloodless. [Vampire growth]
   176 | D:3      | Reached XP level 3. HP: 22/22 MP: 3/3
   285 | D:3      | Reached XP level 4. HP: 17/27 MP: 4/4
   286 | D:3      | Identified the ring of Ascent {rElec rF+++ rC+ EV+4 Dex-3}
   434 | D:3      | Found a faded altar of an unknown god.
   494 | D:3      | Prayed at the altar of an unknown god.
   494 | D:3      | Became a worshipper of Ignis, the Dying Flame
   694 | D:5      | Reached skill level 9 in Stealth
   836 | D:5      | Slain by jlumianski's ghost

Illustrated notes

Levels and vault maps discovered:
D:1:      dpeg_arrival_simpleton_c, layout_loops_ring,
          chequers_serial_rivers_small_3
D:2:      kennysheep_big_flooded_room, layout_basic, serial_shops,
          nicolae_shop_crystal, minmay_snake_closets
D:3:      minmay_angry_zag, layout_rooms, mainiacjoe_overflow_small_starburst,
          serial_shops, shop, hellmonk_ecumenical_altar_defaced_shrine,
          st_stairs_7, grunt_ministairs_3, kennysheep_jessica_study,
          uniq_jessica, uniq_terence
D:4:      layout_loops_ring, old_standard_altar, grunt_gozag_statues,
          nicolae_qazlal_style_of_elements
D:5:      layout_basic, gammafunk_ghost_smash, minmay_misc_feat_iff

Skill      XL: |  1  2  3  4 |
---------------+-------------+-----
Short Blades   | 3 4 |  4.2
Stealth        | 8 9 |  9.0
Fighting       | |  2.6
Dodging        | |  2.1

Action                   |  1- 3 |  4- 6 || total
-------------------------+-------+-------++-------
Melee: Short sword       |    23 |    60 ||    83
       Bite              |     1 |     7 ||     8
Invok: Foxfire Swarm     |       |     5 ||     5
       Fiery Armour      |       |     1 ||     1
 Abil: Exsanguinate      |     1 |       ||     1
  Use: Potion            |       |     1 ||     1
 Stab: Sleeping          |    10 |     6 ||    16
Armor: Leather armour    |     1 |       ||     1
       Scale mail        |       |    18 ||    18
Dodge: Dodged            |     7 |    28 ||    35

Table legend: (Time is in decaauts)
 A = Elapsed time spent in this place.
 B = Non-inter-level travel time spent in this place.
 C = Inter-level travel time spent in this place.
 D = Time resting spent in this place.
 E = Time spent auto-exploring this place.
 F = Levels seen in this place.
 G = Mean time per level.
                   A        B        C        D        E       F      G
               +--------+--------+--------+--------+--------+-----+--------+
         Total |    822 |    822 |      0 |      0 |      0 |   5 |  164.4 |
       Dungeon |    822 |    822 |      0 |      0 |      0 |   5 |  164.4 |
               +--------+--------+--------+--------+--------+-----+--------+

Top non-repeatable levels by time:
     D:3: 368 daAuts
     D:5: 338 daAuts
     D:4: 63 daAuts
     D:2: 47 daAuts
     D:1: 3 daAuts
